 Dungeon Crawl Stone Soup version 0.28-a0-816-gb054d885db (webtiles) character file.

Game seed: 14560994986214997126

9484 cheechan the Grappler (level 11, -1/156 HPs)
             Began as a Troll Chaos Knight on Nov 8, 2021.
             Was a Priest of Elyvilon.
             Slain by an ettin (2 damage)
             ... on level 11 of the Dungeon.
             The game lasted 00:44:12 (9270 turns).

cheechan the Grappler (Troll Chaos Knight)          Turns: 9270, Time: 00:44:12

Health: -1/156     AC: 12    Str: 23    XL:     11   Next: 23%
Magic:  9/10       EV: 16    Int: 10    God:    Elyvilon [***...]
Gold:   821        SH:  0    Dex: 13    Spells: 9/10 levels left

rFire   . . .      SeeInvis .   M - +5 battleaxe (vorpal)
rCold   . . .      Faith    .   (shield currently unavailable)
rNeg    . . .      Spirit   .   a - +2 robe
rPois   .          Reflect  .   (helmet restricted)
rElec   +          Harm     .   G - +2 cloak
rCorr   .          Rampage  .   (gloves unavailable)
Will    .....                   (boots unavailable)
Stlth   ..........              e - amulet of magic regeneration
HPRegen 1.36/turn               v - +4 ring of protection
MPRegen 0.37/turn               k - +4 ring of evasion

@: berserking, studying Axes, unable to read, very quick
A: large, unfitting armour, claws 3, regeneration 1, shaggy fur 1, tough skin 1,
agile 1, clever 1, deformed body, electricity resistance, inability to read
while threatened
a: Renounce Religion, Purification, Heal Other, Heal Self


You were on level 11 of the Dungeon.
You worshipped Elyvilon.
Elyvilon was most pleased with you.
You visited 3 branches of the dungeon, and saw 13 of its levels.
You also visited: Bailey.

You collected 821 gold pieces.

Inventory:

Hand Weapons
 q - a +1 flail of holy wrath
 y - a +0 shortbow of flaming
 C - a +5 spear
 K - a +3 war axe
 L - a +2 mace of venom
 M - a +5 vorpal battleaxe (weapon)
Missiles
 b - 18 boomerangs (quivered)
 h - 6 atropa-tipped darts
 j - 245 arrows
 s - 10 poisoned darts
 t - 53 bolts
 x - 3 curare-tipped darts
Armour
 a - a +2 robe (worn)
 G - a +2 cloak (worn)
Jewellery
 c - a ring of see invisible
 e - an amulet of magic regeneration (around neck)
 k - a +4 ring of evasion (right claw)
 m - a ring of flight
 r - a ring of magical power
 v - a +4 ring of protection (left claw)
Wands
 p - a wand of polymorph (13)
 A - a wand of acid (13)
 D - a wand of iceblast (10)
 E - a wand of mindburst (17)
Scrolls
 l - 6 scrolls of noise
 u - a scroll of amnesia
 w - 8 scrolls of teleportation
 I - a scroll of blinking
Potions
 d - 3 potions of haste
 f - 3 potions of brilliance
 g - 4 potions of heal wounds
 i - a potion of berserk rage
 n - a potion of might
 o - 2 potions of invisibility
 z - 2 potions of curing
 B - a potion of flight
 F - 2 potions of cancellation
 H - a potion of attraction {unknown}


   Skills:
 + Level 5.6 Fighting
 + Level 9.6 Axes
 + Level 2.0 Throwing
 + Level 6.8 Dodging
 + Level 2.9 Stealth
 + Level 11.4 Unarmed Combat
 + Level 0.4 Invocations


You had 9 spell levels left.
You knew the following spells:

 Your Spells              Type           Power      Damage    Failure   Level
a - Shock                 Conj/Air       0%         1d3       36%         1

Your spell library contained the following spells:

 Spells                   Type           Power      Damage    Failure   Level
 Blink                    Tloc           0%         N/A       50%         2
 Ignite Poison            Fire/Tmut/Pois 0%         N/A       75%         3
 Lesser Beckoning         Tloc           0%         N/A       75%         3
 Mephitic Cloud           Conj/Pois/Air  0%         N/A       75%         3
 Swiftness                Air            0%         N/A       75%         3
 Airstrike                Air            0%         N/A       98%         4
 Freezing Cloud           Conj/Ice/Air   0%         6-21      100%        5
 Manifold Assault         Tloc           0%         N/A       100%        5


Dungeon Overview and Level Annotations

Branches:
Dungeon (11/15)            Temple (1/1) D:5            Lair (0/6) D:10
    Orc (1/2) D:11         Bailey (visited)

Altars:
Ashenzari
Cheibriados
Dithmenos
Elyvilon
Fedhas
Gozag
Hepliaklqana
Kikubaaqudgha
Makhleb
Nemelex Xobeh
Okawaru
Qazlal
Ru
Sif Muna
Trog
Uskayaw
Vehumet
Wu Jian
Xom
Yredelemnul
Zin
The Shining One

Shops:
D:1 ?

Annotations:
D:10 exclusion: ice statue
Orc:1 Nergalle


Innate Abilities, Weirdness & Mutations

You are too large for most types of armour.
You have claws for hands.
Your natural rate of healing is unusually fast.
You are covered in fur. (AC +1)
You have tough skin. (AC +1)
You are agile. (Dex +2)
Your mind is acute. (Int +2)
Armour fits poorly on your strangely shaped body.
You are resistant to electric shocks. (rElec)
You sometimes lose the ability to read scrolls when taking damage.


Message History

The ettin misses you.
The ettin hits you with a +0 dire flail!
You climb upwards.
Welcome back to the Dungeon!
There is a staircase to the Orcish Mines here.
You slash the ettin!
The ettin is lightly wounded.
The ettin hits you with a +2 vorpal dire flail!
The ettin misses you.
You hit the ettin.
The ettin is moderately wounded.
The ettin closely misses you.
The ettin hits you with a +0 dire flail!
You feel threatened and lose the ability to read scrolls!
You barely miss the ettin.
The ettin is moderately wounded.
The ettin misses you. The ettin barely misses you.
You hit the ettin but do no damage.
The ettin is moderately wounded.
The ettin hits you with a +2 vorpal dire flail!!
The ettin misses you. The ettin hits you but does no damage.
The ettin barely misses you.
You are healed.
The ettin hits you with a +2 vorpal dire flail!
The ettin closely misses you.
You hit the ettin.
The ettin is moderately wounded.
The ettin barely misses you.
The ettin hits you with a +0 dire flail!!
* * * LOW HITPOINT WARNING * * *
Okay, then.
You cannot read scrolls in your current state!
A red film seems to cover your vision as you go berserk!
You feel yourself moving faster!
You feel mighty! The ettin misses you.
The ettin hits you with a +0 dire flail!!
* * * LOW HITPOINT WARNING * * *
You slice the ettin!!
The ettin is almost dead.
The ettin hits you with a +2 vorpal dire flail!
* * * LOW HITPOINT WARNING * * *
You die...

.....# #....# ####.#. ####....#
#..... ........# ###.##..
#.....#####.....####..
#.....##.....8.....#.#
###......#...........#.####
#...##.#..!...............#
#.####.#..8....@C...8...#.# #.#
#.##.................# .. #.#
#.###...........#.#..# .. #.# #..
#.....8.....#....####.#
#.###########.[...####......(..#
#.........................#.....
###########.#.######......)...###
........#...#.# #......))..#
..#####.#.###.# #.......)).#


You could see an ettin.

Vanquished Creatures
  A two-headed ogre (D:10)
  An orc sorcerer (Bailey)
  A gargoyle (D:11)
  A kobold demonologist (Bailey)
  Grinder (D:5)
  A hornet (D:5)
  Prince Ribbit (D:6)
  Sigmund (D:2)
  A shadow (D:8)
  4 wyverns
  9 yaks
  Eustachio (D:5)
  2 wraiths (D:10)
  Menkaure (D:7)
  An acid dragon (D:7)
  2 water moccasins
  3 black bears (D:10)
  10 orc warriors
  An ice beast (D:7)
  4 sky beasts
  A hornet zombie (D:8)
  A necrophage (D:8)
  An ogre (D:7)
  2 centaurs (D:8)
  A wyvern zombie (D:9)
  4 bullfrogs
  A scorpion (D:4)
  A wyvern skeleton (D:7)
  4 wights (D:9)
  An electric eel (shapeshifter) (Bailey)
  3 electric eels (Bailey)
  A howler monkey (D:11)
  3 jellies
  4 centaur zombies
  Crazy Yiuf (D:2)
  3 hounds
  A bullfrog skeleton (D:6)
  3 centaur skeletons
  7 iguanas
  An orc wizard (D:5)
  6 gnolls (Bailey)
  8 adders
  A shadow imp (D:7)
  A white imp (D:5)
  An adder skeleton (D:4)
  3 worms
  5 dart slugs
  22 orcs
  A bat (D:2)
  3 endoplasms
  A giant cockroach (D:3)
  10 goblins
  19 hobgoblins
  8 jackals
  6 kobolds
  3 quokkas
  5 ball pythons
  5 frilled lizards
  4 rats
203 creatures vanquished.

Vanquished Creatures (collateral kills)
  A rat (D:2)
1 creature vanquished.

Vanquished Creatures (others)
  An orc (Bailey)
  6 fungi
  4 plants (D:10)
11 creatures vanquished.

Grand Total: 215 creatures vanquished

Notes
Turn   | Place    | Note
-------+----------+-------------------------------------------
     0 | D:1      | cheechan the Troll Chaos Knight began the quest for the
                  | Orb.
     0 | D:1      | Reached XP level 1. HP: 22/22 MP: 0/0
   140 | D:1      | Reached XP level 2. HP: 29/29 MP: 1/1
   163 | D:1      | Found Pak Vaon's Magic Scroll Shoppe.
   430 | D:1      | XOM: cloud trail
   736 | D:2      | Noticed Sigmund
   753 | D:2      | Killed Sigmund
   754 | D:2      | Reached skill level 4 in Unarmed Combat
   754 | D:2      | Reached XP level 3. HP: 32/37 MP: 2/2
   754 | D:2      | Reached XP level 4. HP: 39/45 MP: 3/3
   754 | D:2      | Reached XP level 5. HP: 46/53 MP: 4/4
   776 | D:2      | XOM: chaos upgrade
   792 | D:2      | Found a burning altar of Makhleb.
   860 | D:2      | XOM: 9-stop teleportation journey
   864 | D:2      | XOM: summons 3 hostile demons
   866 | D:2      | XOM: polymorph crimson imp -> white imp
   867 | D:2      | XOM: swap monsters
  1049 | D:2      | XOM is BORED!
  1128 | D:2      | Found a faded altar of an unknown god.
  1179 | D:2      | XOM: give mutation
  1179 | D:2      | Gained mutation: You have hidden genetic potential. [Xom's
                  | mischief]
  1228 | D:2      | Found a runed translucent door.
  1229 | D:2      | Noticed Crazy Yiuf
  1237 | D:2      | Killed Crazy Yiuf
  1319 | D:3      | XOM: divination: detect creatures
  1425 | D:3      | Reached skill level 5 in Unarmed Combat
  1743 | D:3      | XOM: cloud trail
  1856 | D:3      | Reached XP level 6. HP: 61/61 MP: 5/5
  2222 | D:4      | Noticed a sky beast
  2231 | D:4      | Killed a sky beast
  2232 | D:4      | Reached skill level 1 in Stealth
  2240 | D:4      | Gained mutation: You are agile. (Dex +2) [hidden potential]
  2268 | D:4      | Reached skill level 6 in Unarmed Combat
  2307 | D:4      | XOM: summons 4 hostile demons
  2308 | D:4      | Noticed a red devil
  2311 | D:4      | Noticed a neqoxec
  2311 | D:4      | a red devil changed into a neqoxec
  2311 | D:4      | XOM: polymorph red devil -> neqoxec
  2314 | D:4      | Gained mutation: You sometimes lose the ability to read
                  | scrolls when taking damage. [a neqoxec]
  2415 | D:4      | Reached XP level 7. HP: 67/67 MP: 6/6
  2533 | D:4      | Found a burning altar of Makhleb.
  2612 | D:4      | XOM: scenery: 1 doors close
  2618 | D:4      | XOM: polymorph orc -> adder
  2783 | D:4      | XOM is BORED!
  2783 | D:4      | XOM: stat loss: -1 Dex (11/12)
  2784 | D:4      | Found an opulent altar of Gozag.
  3000 | D:5      | Entered Level 5 of the Dungeon
  3083 | D:5      | Noticed Grinder
  3087 | D:5      | XOM: chaos cloud
  3088 | D:5      | Paralysed by Grinder for 2 turns
  3095 | D:5      | Killed Grinder
  3096 | D:5      | Reached skill level 7 in Unarmed Combat
  3115 | D:5      | Gained mutation: Your mind is acute. (Int +2) [hidden
                  | potential]
  3115 | D:5      | Lost mutation: You have hidden genetic potential. [hidden
                  | potential expressed]
  3184 | D:5      | XOM: cleaving
  3192 | D:5      | Reached XP level 8. HP: 59/78 MP: 7/7
  3192 | D:5      | Noticed a hornet
  3192 | D:5      | a sky beast changed into a hornet
  3192 | D:5      | XOM: polymorph sky beast -> hornet
  3194 | D:5      | XOM: summons 2 hostile demons
  3195 | D:5      | Killed a hornet
  3196 | D:5      | Reached skill level 8 in Unarmed Combat
  3214 | D:5      | Found a staircase to the Ecumenical Temple.
  3214 | D:5      | XOM: 4-stop teleportation journey
  3239 | Temple   | Entered the Ecumenical Temple
  3524 | Temple   | XOM: summons 2 hostile demons
  3660 | Temple   | XOM is BORED!
  3660 | Temple   | XOM: give mutation
  3660 | Temple   | Gained mutation: Armour fits poorly on your strangely
                  | shaped body. [Xom's mischief]
  3937 | D:5      | Noticed Eustachio
  3937 | D:5      | XOM: enchant monster (good)
  3954 | D:5      | XOM: confusion (+ monsters)
  3970 | D:5      | Killed Eustachio
  3986 | D:5      | XOM: noise
  4145 | D:6      | Noticed Prince Ribbit
  4147 | D:6      | XOM: enchant monster (bad)
  4161 | D:6      | Killed Prince Ribbit
  4162 | D:6      | Reached skill level 1 in Throwing
  4162 | D:6      | Reached skill level 9 in Unarmed Combat
  4224 | D:6      | Reached XP level 9. HP: 78/84 MP: 8/8
  4284 | D:6      | XOM: silly message
  4346 | D:6      | Reached skill level 5 in Dodging
  4630 | D:7      | XOM: cast spell 'Statue Form'
  4729 | D:7      | XOM: summons 1 hostile demon
  4820 | D:7      | Found a sparkling altar of Nemelex Xobeh.
  4853 | D:7      | Found a white marble altar of Elyvilon.
  4886 | D:7      | Reached skill level 10 in Unarmed Combat
  4906 | D:7      | Fell from the grace of Xom
  4906 | D:7      | Became a worshipper of Elyvilon the Healer
  5013 | D:7      | Noticed Menkaure
  5078 | D:7      | Killed Menkaure
  5594 | D:8      | Reached * piety under Elyvilon
  5942 | D:8      | Reached skill level 11 in Unarmed Combat
  6120 | D:8      | XOM: noise
  6192 | D:8      | Identified a scroll of acquirement
  6192 | D:8      | Acquired a manual of Axes
  6283 | D:9      | Reached XP level 10. HP: 94/94 MP: 9/9
  6316 | D:9      | Learned a level 1 spell: Shock
  6430 | D:9      | XOM: noise
  6774 | D:9      | XOM: give mutation
  6774 | D:9      | Gained mutation: You are resistant to electric shocks.
                  | (rElec) [Xom's grace]
  6850 | D:9      | Reached skill level 1 in Axes
  6941 | D:9      | Reached ** piety under Elyvilon
  7140 | D:9      | XOM: draining
  7173 | D:10     | Entered Level 10 of the Dungeon
  7439 | D:10     | Noticed an ice statue
  7471 | D:10     | Reached skill level 5 in Fighting
  7471 | D:10     | Reached skill level 5 in Axes
  7558 | D:10     | Found a flagged portal.
  7584 | Bailey   | Entered a bailey
  7584 | Bailey   | Reached *** piety under Elyvilon
  7687 | Bailey   | Found an iron altar of Okawaru.
  7687 | Bailey   | Noticed an orc sorcerer
  7687 | Bailey   | Paralysed by an orc sorcerer for 7 turns
  7690 | Bailey   | XOM: repel stairs
  7701 | Bailey   | Noticed a soul eater
  7701 | Bailey   | Noticed a soul eater
  7704 | Bailey   | Noticed a rust devil
  7706 | Bailey   | Killed an orc sorcerer
  7762 | Bailey   | XOM: polymorph electric eel -> electric eel
  8000 | Bailey   | XOM: confusion (+ monsters)
  8605 | D:10     | Noticed a two-headed ogre
  8613 | D:10     | Killed a two-headed ogre
  8614 | D:10     | Reached XP level 11. HP: 63/104 MP: 10/10
  8858 | D:11     | Acquired a +5 vorpal battleaxe
  8864 | D:11     | Acquired a manual of Axes
  8876 | D:11     | XOM: blink monster(s)
  8924 | D:11     | Found a staircase to the Orcish Mines.
  9176 | D:11     | XOM: noise
  9256 | Orc:1    | Entered Level 1 of the Orcish Mines
  9256 | Orc:1    | Noticed Nergalle
  9256 | Orc:1    | Noticed an ettin
  9270 | D:11     | HP: 1/156 [ettin (9)]
  9270 | D:11     | Slain by an ettin

Illustrated notes

Levels and vault maps discovered:
D:1:      sevenhm_arrival_forest_fort_large_2, layout_basic, serial_shops, shop
D:2:      layout_rooms, dreamdust_ecumenical_altar_angels_and_demons,
          basic_altar, serial_glass, glass_columns_a, glass_columns_a,
          due_unseen_surprise, feat_on_display, minmay_strange_pillars,
          uniq_crazy_yiuf_cottage, uniq_sigmund
D:3:      layout_basic, st_stairs_1, minmay_statues_item
D:4:      layout_gridville, makhleb_blood_cavern_becter,
          mainiacjoe_overflow_alcove_1
D:5:      layout_rooms, minmay_temple_entry_crystal_x,
          kennysheep_generic_room_4, uniq_grinder, uniq_eustachio
D:6:      layout_basic, uniq_prince_ribbit1
D:7:      layout_loops_ring, elyvilon_altar_3, overflow_temple_1_default,
          uniq_menkaure
D:8:      layout_basic
D:9:      layout_layer_cave
D:10:     layout_stronghold, grunt_lair_entry_orc_guard_hut, enter_bailey_4,
          dk_noncrumbling_4, minivault_16
D:11:     layout_basic, david_orc_2
Temple:   dpeg_five_rooms_temple
Orc:1:    layout_caves, uniq_erolcha, uniq_nergalle

Skill      XL: |  1  2  3  4  5  6  7  8  9 10 11 |
---------------+----------------------------------+-----
Dodging        | 2 3 4 5 6 |  6.8
Fighting       | 3 4 5 |  5.6
Unarmed Combat | 4 5 6 7 9 11 | 11.4
Stealth        | 1 2 |  2.9
Throwing       | 1 2 |  2.0
Axes           | 8 9 |  9.6
Invocations    | |  0.4

Action                   |  1- 3 |  4- 6 |  7- 9 | 10-12 || total
-------------------------+-------+-------+-------+-------++-------
Melee: Unarmed           |    52 |   154 |   218 |       ||   424
       Punch             |     1 |     2 |     5 |       ||     8
       Broad axe         |       |       |     2 |    11 ||    13
       Battleaxe         |       |       |       |   236 ||   236
Throw: Boomerang         |       |     1 |     7 |    22 ||    30
Invok: Heal Self         |       |       |       |     3 ||     3
       Purification      |       |       |       |     2 ||     2
  Use: Scroll            |     5 |     4 |    11 |     8 ||    28
       Potion            |       |       |       |     3 ||     3
 Stab: Sleeping          |     1 |       |     2 |       ||     3
       Distracted        |       |       |     1 |       ||     1
Armor: Robe              |    16 |    50 |   107 |   156 ||   329
       Skin              |       |       |     1 |       ||     1
Dodge: Dodged            |    19 |   114 |   177 |   338 ||   648

Table legend: (Time is in decaauts)
 A = Elapsed time spent in this place.
 B = Non-inter-level travel time spent in this place.
 C = Inter-level travel time spent in this place.
 D = Time resting spent in this place.
 E = Time spent auto-exploring this place.
 F = Levels seen in this place.
 G = Mean time per level.
                   A        B        C        D        E       F      G
               +--------+--------+--------+--------+--------+-----+--------+
         Total |   9369 |   9369 |      0 |     94 |      0 |  14 |  669.2 |
       Dungeon |   8348 |   8348 |      0 |     62 |      0 |  11 |  758.9 |
        Temple |    441 |    441 |      0 |      0 |      0 |   1 |  441.0 |
  Orcish Mines |      6 |      6 |      0 |      0 |      0 |   1 |    6.0 |
        Bailey |    572 |    572 |      0 |     32 |      0 |   1 |  572.0 |
               +--------+--------+--------+--------+--------+-----+--------+

Top non-repeatable levels by time:
    D:10: 1204 daAuts
     D:7: 937 daAuts
     D:4: 917 daAuts
     D:9: 914 daAuts
     D:3: 798 daAuts
     D:8: 758 daAuts
     D:1: 654 daAuts
     D:5: 652 daAuts
     D:2: 607 daAuts
  Bailey: 572 daAuts
     D:6: 487 daAuts
  Temple: 441 daAuts
    D:11: 416 daAuts
   Orc:1: 6 daAuts
